[Event "Titled Tuesday Blitz February 14 Early 2023"]
[White "Ansh M Shah"]
[Black "Fries-Nielsen, Jens Ove"]
[WhiteFideId "25033379"]
[BlackFideId "1400142"]
[WhiteElo "2171"]
[BlackElo "2377"]
[Result "0-1"]
[Round "04"]
[TimeControl "180+2"]
[Date "2023.02.15"]
[WhiteClock "0:02:13"]
[BlackClock "0:02:18"]

1. d4 Nf6 2. c4 c5 3. d5 e6 4. Nc3 exd5 5. cxd5 d6 6. g3 Na6 7. Bg2 Nc7 8. Bf4 b5 9. a3 Bb7 10. e4 Be7 11. Nge2 O-O 12. f3 a5 13. O-O b4 14. Nb1 Nd7 15. Nd2 Ba6 16. Re1 Nb5 17. Qc2 Bf6 18. Nc4 Nd4 19. Nxd4 Bxd4+ 20. Be3 Bxc4 21. Qxc4 Ne5 22. Qc2 Qb6 23. Bxd4 cxd4 24. Kh1 d3 25. Qd2 Qd4 26. Re3 bxa3 27. Rxa3 Rac8 28. f4 Rc2 29. Qe1 d2 30. Qd1 Rc1 0-1


[Site "https://www.chess.com"]

[Event "Titled Tuesday Blitz February 14 Early 2023"]
[White "Souleidis, Georgios"]
[Black "Kejna, Piotr"]
[WhiteFideId "4206827"]
[BlackFideId "21821704"]
[WhiteElo "2419"]
[BlackElo "2027"]
[Result "1/2-1/2"]
[Round "04"]
[TimeControl "180+2"]
[Date "2023.02.15"]
[WhiteClock "0:00:05"]
[BlackClock "0:00:06"]

1. e4 c5 2. Be2 d6 3. d3 Nc6 4. f4 g6 5. Nf3 Bg7 6. O-O Nf6 7. c3 O-O 8. Kh1 b5 9. a3 Rb8 10. Be3 a5 11. Nbd2 b4 12. d4 cxd4 13. cxd4 d5 14. e5 Nd7 15. Rc1 Rb6 16. a4 e6 17. Nb3 Ba6 18. Bxa6 Rxa6 19. Qd3 Qa8 20. g4 Ne7 21. Rc7 Ra7 22. Rfc1 Rc8 23. Rxc8+ Nxc8 24. f5 Ncb6 25. Nc5 Nxc5 26. dxc5 Nc4 27. Bd4 Rc7 28. b3 Nb6 29. Qe3 Nd7 30. fxe6 fxe6 31. Ng5 Rc6 32. Rf1 Qc8 33. h4 Nxc5 34. h5 Nd7 35. hxg6 hxg6 36. Qh3 Nf8 37. Rxf8+ Kxf8 38. Qf3+ Kg8 39. Qf7+ Kh8 40. Qxg6 Rc1+ 41. Bg1 Rxg1+ 42. Kxg1 Qc1+ 43. Kg2 Qd2+ 44. Kf3 Qd1+ 45. Kf2 Qd2+ 46. Kg1 Qe1+ 47. Kg2 Qe2+ 48. Kh1 Qd1+ 49. Kg2 Qxg4+ 50. Kf2 Qf4+ 51. Kg2 Qg4+ 52. Kf1 Qf4+ 53. Kg2 Qd2+ 54. Kh1 Qe1+ 55. Kg2 Qe2+ 56. Kh3 Qe3+ 57. Kh4 Qf4+ 58. Kh5 Qh2+ 59. Kg4 Qg2+ 60. Kh5 Qh2+ 61. Kg4 Qe2+ 62. Kh4 Qf2+ 63. Kg4 Qg2+ 64. Kh4 Qh2+ 65. Kg4 1/2-1/2


[Site "https://www.chess.com"]

[Event "Titled Tuesday Blitz February 14 Early 2023"]
[White "Silvestre, Christian"]
[Black "Tologon tegin, Semetei"]
[WhiteFideId "30956269"]
[BlackFideId "13800574"]
[WhiteElo "1942"]
[BlackElo "2372"]
[Result "0-1"]
[Round "04"]
[TimeControl "180+2"]
[Date "2023.02.15"]
[WhiteClock "0:00:08"]
[BlackClock "0:00:13"]

1. e4 c5 2. Nc3 Nc6 3. f4 e6 4. d3 d5 5. e5 b5 6. Nf3 b4 7. Ne2 Nge7 8. g3 Nf5 9. Bg2 Be7 10. O-O h5 11. a3 h4 12. g4 h3 13. gxf5 hxg2 14. Kxg2 exf5 15. axb4 Nxb4 16. c3 Nc6 17. d4 a5 18. dxc5 Bxc5 19. Ned4 Nxd4 20. cxd4 Bb4 21. Bd2 Ba6 22. Qa4+ Kf8 23. Bxb4+ axb4 24. Qxb4+ Kg8 25. Rfc1 Rh6 26. Qc5 Rg6+ 27. Kf2 Rg4 28. Qc7 Qxc7 29. Rxc7 Rxf4 30. Rc6 Rxf3+ 31. Kxf3 Be2+ 32. Kxe2 Rxa1 33. Rc8+ Kh7 34. Rc5 Rb1 35. Rb5 g5 36. Kf2 Kg6 37. Kg2 Kh5 38. Rb7 Kg4 39. Rxf7 Rxb2+ 40. Kg1 f4 41. Rg7 Rd2 42. e6 Rxd4 43. e7 Re4 44. Kf2 d4 45. Rh7 Re3 46. e8=Q Rxe8 47. Rd7 Re4 48. Kg2 f3+ 49. Kf1 Kf4 50. Kf2 Re2+ 51. Kf1 Rd2 52. Kg1 g4 53. Kf1 Rxh2 54. Rf7+ Kg3 55. Ke1 Rh1+ 56. Kd2 f2 57. Ke2 f1=Q+ 58. Rxf1 Rxf1 59. Kxf1 Kf3 60. Kg1 g3 61. Kf1 g2+ 62. Kg1 d3 63. Kh2 d2 64. Kh3 d1=Q 65. Kh4 Qd5 66. Kh3 Qh5# 0-1


[Site "https://www.chess.com"]

[Event "Titled Tuesday Blitz February 14 Early 2023"]
[White "Saravana, Krishnan P."]
[Black "Iljin, Timofey"]
[WhiteFideId "5018382"]
[BlackFideId "14110180"]
[WhiteElo "2284"]
[BlackElo "2329"]
[Result "0-1"]
[Round "04"]
[TimeControl "180+2"]
[Date "2023.02.15"]
[WhiteClock "0:00:23"]
[BlackClock "0:00:09"]

1. e4 e5 2. Nf3 Nc6 3. Bb5 a6 4. Ba4 Nf6 5. O-O b5 6. Bb3 Bc5 7. a4 Bb7 8. d3 d6 9. Bg5 h6 10. Bxf6 Qxf6 11. Bd5 O-O 12. Nc3 b4 13. Ne2 a5 14. c3 Rab8 15. d4 exd4 16. cxd4 Bb6 17. Rc1 Ne7 18. Bxb7 Rxb7 19. Ng3 Re8 20. Re1 Ng6 21. Nh5 Qe6 22. h3 c5 23. d5 Qe7 24. Qd3 Ne5 25. Nxe5 Qxe5 26. Ng3 Qxb2 27. Nf5 Qe5 28. g3 Kh7 29. Kg2 g6 30. f4 Qf6 31. Nh4 Bc7 32. Nf3 b3 33. Qa6 Rb6 34. Qa7 Re7 35. e5 dxe5 36. fxe5 Bxe5 37. Qxa5 Bc7 38. Rf1 b2 39. Rb1 Re2+ 40. Kh1 Qf5 41. Ng5+ Qxg5 42. Rxf7+ Kg8 43. Rbf1 Qxd5+ 44. R7f3 b1=Q 45. Qa8+ Qxa8 0-1


[Site "https://www.chess.com"]

[Event "Titled Tuesday Blitz February 14 Early 2023"]
[White "Demin, Vladimir"]
[Black "Titichoca Daza, Daniel"]
[WhiteFideId "4167457"]
[BlackFideId "3309550"]
[WhiteElo "2430"]
[BlackElo "2180"]
[Result "1-0"]
[Round "04"]
[TimeControl "180+2"]
[Date "2023.02.15"]
[WhiteClock "0:01:46"]
[BlackClock "0:00:55"]

1. e4 c6 2. d4 d5 3. e5 Bf5 4. Ne2 e6 5. Ng3 Bg6 6. h4 h6 7. h5 Bh7 8. Bd3 Bxd3 9. cxd3 Be7 10. Qg4 Kf8 11. f4 f5 12. Nxf5 exf5 13. Qxf5+ Nf6 14. exf6 Bxf6 15. Nd2 Na6 16. Nf3 Qc8 17. Qg6 Qe8+ 18. Kf2 Qxg6 19. hxg6 Nb4 20. Bd2 Nxd3+ 21. Ke2 Nxb2 22. Rab1 Nc4 23. Rxb7 Re8+ 24. Ne5 h5 25. Kd3 Nd6 26. Bb4 Be7 27. Bxd6 Bxd6 28. Nf7 Bxf4 29. Nxh8 Re3+ 30. Kc2 Re2+ 31. Kd3 Re3+ 32. Kc2 Re2+ 33. Kb3 Re3+ 34. Kb2 Re2+ 35. Kb1 Ke8 36. Nf7 Rxg2 37. Rxh5 Rg1+ 38. Kc2 Rg2+ 39. Kb3 Rg3+ 40. Ka4 1-0


[Site "https://www.chess.com"]

[Event "Titled Tuesday Blitz February 14 Early 2023"]
[White "Miszler, Levente"]
[Black "Sourath Biswas"]
[WhiteFideId "763276"]
[BlackFideId "35091484"]
[WhiteElo "2271"]
[BlackElo "2281"]
[Result "0-1"]
[Round "04"]
[TimeControl "180+2"]
[Date "2023.02.15"]
[WhiteClock "0:00:05"]
[BlackClock "0:00:16"]

1. Nf3 Nf6 2. c4 g6 3. g3 Bg7 4. Bg2 O-O 5. O-O d6 6. Nc3 c5 7. d3 Nc6 8. a3 e5 9. Rb1 Re8 10. Ne1 Bf5 11. Nc2 e4 12. Ne3 exd3 13. exd3 Bd7 14. b4 Rb8 15. Ncd5 Nxd5 16. Nxd5 b6 17. Be3 Nd4 18. Bxd4 Bxd4 19. Qd2 Kg7 20. Rbe1 Re6 21. Rxe6 fxe6 22. Ne3 b5 23. Nc2 Bf6 24. Rd1 Qb6 25. Bh3 Ra8 26. d4 cxb4 27. c5 Qc7 28. axb4 a5 29. d5 dxc5 30. dxe6 Be8 31. bxc5 Qxc5 32. Ne3 b4 33. Nd5 Rd8 34. Bg2 Bc6 35. Qd3 Bxd5 36. Bxd5 a4 37. Qa6 a3 38. Qb7+ Qe7 39. Qb5 a2 40. Rc1 a1=Q 41. Rxa1 Bxa1 42. Kg2 Bf6 43. Bc4 Qd6 44. h4 Be7 45. Qb7 Rb8 46. Qa7 b3 47. h5 b2 48. h6+ Kxh6 49. Qe3+ Kg7 50. Qc3+ Bf6 51. Qa3 Qxa3 0-1


[Site "https://www.chess.com"]

[Event "Titled Tuesday Blitz February 14 Early 2023"]
[White "Kopczynski, Michal"]
[Black "Lorenzo De La Riva, Lazaro"]
[WhiteFideId "1124200"]
[BlackFideId "2268809"]
[WhiteElo "2225"]
[BlackElo "2404"]
[Result "1-0"]
[Round "04"]
[TimeControl "180+2"]
[Date "2023.02.15"]
[WhiteClock "0:01:30"]
[BlackClock "0:00:25"]

1. e4 c6 2. d4 d5 3. e5 c5 4. dxc5 e6 5. Be3 Nd7 6. f4 Bxc5 7. Bxc5 Nxc5 8. Nf3 Ne7 9. Nc3 a6 10. Qd2 Bd7 11. O-O-O Rc8 12. g4 Qa5 13. Nd4 Na4 14. Nxa4 Qxa4 15. Kb1 Nc6 16. Nb3 Nb4 17. a3 Nxc2 18. Ka2 Qe4 19. Bd3 Qf3 20. Bxc2 Qxg4 21. Rhg1 Qh4 22. Rxg7 Bb5 23. Nd4 Bc4+ 24. Kb1 Qh6 25. Rdg1 Kf8 26. Qb4+ Ke8 27. Rg8+ Rxg8 28. Rxg8+ Kd7 29. Qd6# 1-0


[Site "https://www.chess.com"]

[Event "Titled Tuesday Blitz February 14 Early 2023"]
[White "Cori T., Deysi"]
[Black "Kanyamarala, Trisha"]
[WhiteFideId "3801934"]
[BlackFideId "45004722"]
[WhiteElo "2362"]
[BlackElo "2278"]
[Result "1-0"]
[Round "04"]
[TimeControl "180+2"]
[Date "2023.02.15"]
[WhiteClock "0:01:16"]
[BlackClock "0:00:06"]

1. Nf3 d5 2. e3 Nf6 3. c4 e6 4. d4 Bb4+ 5. Bd2 Bxd2+ 6. Nbxd2 O-O 7. Bd3 b6 8. O-O Bb7 9. cxd5 exd5 10. Ne5 Nbd7 11. f4 c5 12. Rc1 Re8 13. Qf3 Rc8 14. Qh3 Nf8 15. Ndf3 cxd4 16. Nxd4 Ng6 17. Bb5 Re7 18. Ndc6 Bxc6 19. Nxc6 Rxc6 20. Rxc6 Re8 21. Rfc1 Qe7 22. Rc8 Rxc8 23. Qxc8+ Nf8 24. Qc3 Ne4 25. Qe5 Qh4 26. Rf1 Nf6 27. Qg5 Qxg5 28. fxg5 Ng4 29. Be8 f6 30. Rf4 Nxe3 31. gxf6 gxf6 32. Rxf6 Ng4 33. Rd6 Ne3 34. Bc6 Ng6 35. Bxd5+ Kg7 36. Bf3 Nf4 37. Rd7+ Kf6 38. Rxh7 Nd3 39. Rxa7 Nxb2 40. Ra6 Nec4 41. Bd5 Ne3 42. Rxb6+ Ke5 43. Rxb2 1-0


[Site "https://www.chess.com"]

[Event "Titled Tuesday Blitz February 14 Early 2023"]
[White "Ezat, Mohamed"]
[Black "Avazkhonov, Alikhon"]
[WhiteFideId "10600906"]
[BlackFideId "14208504"]
[WhiteElo "2402"]
[BlackElo "1538"]
[Result "1-0"]
[Round "04"]
[TimeControl "180+2"]
[Date "2023.02.15"]
[WhiteClock "0:00:57"]
[BlackClock "0:00:02"]

1. d4 Nf6 2. Nf3 e6 3. h4 d5 4. h5 b6 5. a3 Bb7 6. Nc3 c5 7. Bg5 h6 8. Bxf6 Qxf6 9. e4 a6 10. exd5 exd5 11. Be2 c4 12. Ne5 Nd7 13. Nxd7 Kxd7 14. O-O Bd6 15. Bf3 Qg5 16. b3 cxb3 17. Rb1 bxc2 18. Qxc2 Qf4 19. Rfe1 Qh2+ 20. Kf1 a5 21. Qf5+ Kc7 22. Nb5+ Kd8 23. Nxd6 Ba6+ 24. Nb5 Bxb5+ 25. Rxb5 Qh1+ 26. Ke2 Re8+ 27. Kd3 Qxe1 28. Rxd5+ Kc7 29. Rd7+ Kc8 30. Re7+ Kb8 31. Qf4+ 1-0


[Site "https://www.chess.com"]

[Event "Titled Tuesday Blitz February 14 Early 2023"]
[White "Injac, Teodora"]
[Black "Tiarks, Jann-Christian"]
[WhiteFideId "932400"]
[BlackFideId "12951595"]
[WhiteElo "2391"]
[BlackElo "2222"]
[Result "0-1"]
[Round "04"]
[TimeControl "180+2"]
[Date "2023.02.15"]
[WhiteClock "0:00:01"]
[BlackClock "0:00:24"]

1. d4 c5 2. d5 d6 3. Nc3 e5 4. e4 Nf6 5. Nf3 Be7 6. Bb5+ Nbd7 7. a4 a6 8. Bd3 Nf8 9. Nd2 Ng6 10. Nc4 O-O 11. O-O Rb8 12. a5 h6 13. Rb1 Nh7 14. b4 cxb4 15. Rxb4 Bg5 16. Ba3 Nf4 17. Rb6 Be7 18. Ne2 Bg4 19. f3 Bc8 20. Nxf4 exf4 21. Nxd6 Ng5 22. c4 Bf6 23. Bc2 Bd7 24. Nxb7 Qc7 25. Bxf8 Kxf8 26. h4 Nh3+ 27. gxh3 Rxb7 28. Rxb7 Qxb7 29. c5 Bxh3 30. Rf2 Qb4 31. c6 Bd4 32. Qe2 Qxa5 33. Kh2 Bxf2 34. Qxf2 Bc8 35. Qe2 Qc3 36. Bd3 a5 37. Bc4 Qf6 38. Qf2 a4 39. Qc5+ Kg8 40. Qf2 a3 41. e5 Qxe5 42. Ba2 Qf5 43. Qd2 Qh3+ 44. Kg1 Qg3+ 45. Qg2 Qe1+ 46. Qf1 Qd2 47. Qf2 Qc1+ 48. Kh2 Qd1 49. Qg2 Kf8 50. h5 Bf5 51. Qf2 Qc1 52. Bb3 Qb2 0-1


[Site "https://www.chess.com"]

[Event "Titled Tuesday Blitz February 14 Early 2023"]
[White "Mouhamad, Joachim"]
[Black "Alinasab, Mobina"]
[WhiteFideId "656410"]
[BlackFideId "12528897"]
[WhiteElo "2238"]
[BlackElo "2347"]
[Result "1-0"]
[Round "04"]
[TimeControl "180+2"]
[Date "2023.02.15"]
[WhiteClock "0:00:17"]
[BlackClock "0:00:01"]

1. e4 c5 2. Nf3 e6 3. d4 cxd4 4. Nxd4 Nf6 5. Nc3 Nc6 6. Ndb5 Bb4 7. a3 Bxc3+ 8. Nxc3 d5 9. exd5 exd5 10. Bd3 O-O 11. O-O d4 12. Ne2 Bg4 13. Bg5 Bxe2 14. Qxe2 Re8 15. Qf3 Ne5 16. Qxb7 Nxd3 17. cxd3 Rb8 18. Qxa7 Rxb2 19. a4 Qd5 20. Bxf6 gxf6 21. Qc7 Re5 22. a5 Rb7 23. Qc8+ Kg7 24. a6 Ra7 25. Qb8 Ree7 26. Qg3+ Qg5 27. Qd6 Re6 28. Qb8 Raxa6 29. Rac1 Rac6 30. Ra1 Rb6 31. Qd8 Rbd6 32. Qc8 Rc6 33. Qd7 Red6 34. Qe7 Qe5 35. Qb7 Rb6 36. Qc7 Rdc6 37. Qd7 Rc7 38. Qd8 Qd6 39. Qe8 Re7 40. Qc8 Rb8 41. Qg4+ Kh8 42. Ra4 Rd7 43. h3 Rbd8 44. Qf5 Qe6 45. Qf4 Qe5 46. Qf3 Qd5 47. Qxf6+ Kg8 48. Re1 Rd6 49. Qf4 Rg6 50. Qe4 Qxe4 51. Rxe4 Rgd6 52. g4 Kg7 53. Kg2 Kg6 54. Kg3 f5 55. Rf4 fxg4 56. hxg4 h6 57. Re4 R8d7 58. f4 Rd8 59. Ra5 R8d7 60. Rae5 Rd8 61. Re6+ Rxe6 62. Rxe6+ Kg7 63. f5 Rd7 64. Kf4 Rd5 65. Re5 Rd7 66. Re6 Rd5 67. Ke4 Rd7 68. Rg6+ Kh7 69. Re6 Kg7 70. Re5 Kf6 71. Re6+ Kg5 72. Rg6+ Kh4 73. Ke5 Re7+ 74. Kxd4 h5 75. gxh5 Kxh5 76. Rg1 Re2 77. f6 Re8 78. Kd5 Kh6 79. Kd6 Re3 80. f7 Rxd3+ 81. Ke7 Re3+ 82. Kf8 Rf3 83. Kg8 1-0


[Site "https://www.chess.com"]

[Event "Titled Tuesday Blitz February 14 Early 2023"]
[White "Orzech, Dominik"]
[Black "Wu, Sibo"]
[WhiteFideId "1115065"]
[BlackFideId "8606048"]
[WhiteElo "2308"]
[BlackElo "2082"]
[Result "0-1"]
[Round "04"]
[TimeControl "180+2"]
[Date "2023.02.15"]
[WhiteClock "0:00:05"]
[BlackClock "0:00:47"]

1. e4 c5 2. Nf3 Nc6 3. c3 d5 4. exd5 Qxd5 5. d3 Nf6 6. Be2 Bf5 7. O-O e6 8. Be3 Be7 9. Nbd2 Bxd3 10. Bxd3 Qxd3 11. Qb3 Qa6 12. Rad1 O-O 13. Rfe1 b5 14. h3 Nd5 15. Bg5 c4 16. Qc2 h6 17. Bxe7 Ncxe7 18. a3 Nc6 19. Ne4 Rad8 20. Rd2 Qb6 21. Red1 a5 22. b3 Nf4 23. bxc4 bxc4 24. Rxd8 Rxd8 25. Rxd8+ Qxd8 26. Nfd2 Qd5 27. Kh1 Nd3 28. f3 f5 29. Qa4 fxe4 30. fxe4 Nf2+ 0-1


[Site "https://www.chess.com"]

[Event "Titled Tuesday Blitz February 14 Early 2023"]
[White "Ortega Amarelle, Mariano"]
[Black "Zia, Tahsin Tajwar"]
[WhiteFideId "3504301"]
[BlackFideId "10211888"]
[WhiteElo "2472"]
[BlackElo "2315"]
[Result "1/2-1/2"]
[Round "04"]
[TimeControl "180+2"]
[Date "2023.02.15"]
[WhiteClock "0:00:04"]
[BlackClock "0:00:11"]

1. e4 c5 2. Nf3 e6 3. d4 cxd4 4. Nxd4 a6 5. c4 Nf6 6. Nc3 Qc7 7. Be2 Bb4 8. Qd3 Nc6 9. Nc2 Ne5 10. Qg3 Bd6 11. f4 Ng6 12. e5 Nxe5 13. fxe5 Bxe5 14. Qf3 Rb8 15. Bd2 b5 16. cxb5 Bb7 17. Qh3 Ne4 18. Nxe4 Qxc2 19. Bd3 Qxb2 20. Rb1 Qxa2 21. Qh5 Qd5 22. Qe2 a5 23. O-O O-O 24. Ng5 Bd4+ 25. Kh1 f5 26. Nf3 Bf6 27. Bf4 d6 28. Bc4 Qe4 29. Bxe6+ Kh8 30. Qxe4 fxe4 31. Ng5 Bxg5 32. Bxg5 Rfe8 33. Bf7 Re5 34. Be3 Bd5 35. Bxd5 Rxd5 36. b6 Rd3 37. b7 Rxe3 38. Rf8+ Rxf8 39. b8=Q Re1+ 40. Rxe1 Rxb8 41. h3 d5 42. Ra1 Ra8 43. Kh2 d4 44. Kg3 d3 45. Kf4 Re8 46. Ke3 Re5 47. Kd4 Re8 48. Ke3 h6 49. Rxa5 Kh7 50. Ra6 Re7 51. Rd6 g5 52. g3 Kg7 53. h4 gxh4 54. gxh4 h5 55. Rd5 Kg6 56. Rg5+ Kf6 57. Rxh5 Re5 58. Rh6+ Kf5 59. Rd6 Re8 60. h5 Kg5 61. h6 Re7 62. h7 Rxh7 63. Kxe4 Rh4+ 64. Ke3 Rh3+ 65. Kd2 Kf5 66. Rxd3 Rh2+ 67. Kc3 Ke4 68. Rd4+ Ke5 69. Rd8 Rh7 70. Kc4 Rc7+ 71. Kb5 Ke6 72. Rd1 Rb7+ 73. Kc6 Rb2 74. Kc5 Rc2+ 75. Kd4 Rc8 76. Ke4 Kf6 77. Rf1+ Ke6 78. Rd1 Rc4+ 79. Kd3 Rc6 80. Ke3 Rc5 81. Ra1 Rc3+ 82. Kd4 Rc6 83. Ke4 Rc4+ 84. Kd3 Rc6 1/2-1/2


[Site "https://www.chess.com"]

[Event "Titled Tuesday Blitz February 14 Early 2023"]
[White "Harriott, Tyrell"]
[Black "Martin Duque, Jesus"]
[WhiteFideId "2086484"]
[BlackFideId "2208954"]
[WhiteElo "1889"]
[BlackElo "2386"]
[Result "0-1"]
[Round "04"]
[TimeControl "180+2"]
[Date "2023.02.15"]
[WhiteClock "0:00:07"]
[BlackClock "0:00:41"]

1. d4 Nf6 2. e3 b6 3. f4 Bb7 4. Nf3 c5 5. Bd3 g6 6. O-O Bg7 7. Nbd2 O-O 8. f5 e6 9. fxg6 fxg6 10. Qe1 Nc6 11. c3 Ne7 12. e4 Nh5 13. e5 Nf4 14. Bb5 cxd4 15. cxd4 Ned5 16. Ne4 a6 17. Ba4 b5 18. Bb3 Qb6 19. Kh1 Nd3 20. Qh4 Nxc1 21. Raxc1 Ne3 22. Rfe1 Nf5 23. Qf2 Rac8 24. Rcd1 a5 25. Nc5 Bxf3 26. gxf3 Qc6 27. a4 Nxd4 28. Rxd4 Rxf3 29. Qg2 Qxc5 30. Rxd7 Rf2 31. Bxe6+ Kh8 32. Qb7 Qc2 33. Rd2 Qxd2 34. Qxc8+ Bf8 0-1


[Site "https://www.chess.com"]

[Event "Titled Tuesday Blitz February 14 Early 2023"]
[White "Melian, Juan Sebastian"]
[Black "Kielinkei"]
[WhiteFideId "3706575"]
[WhiteElo "2293"]
[BlackElo "2360"]
[Result "1-0"]
[Round "04"]
[TimeControl "180+2"]
[Date "2023.02.15"]
[WhiteClock "0:00:52"]
[BlackClock "0:00:38"]

1. e4 c5 2. Nf3 d6 3. Bb5+ Nd7 4. c3 Nf6 5. Bd3 b5 6. Bxb5 Bb7 7. d3 e6 8. O-O Be7 9. Nbd2 O-O 10. Re1 a6 11. Bc4 d5 12. Bb3 a5 13. exd5 exd5 14. d4 cxd4 15. Nxd4 Bd6 16. N2f3 Ne4 17. Nf5 Bc5 18. Be3 Ndf6 19. Bd4 Qd7 20. Nxg7 Kxg7 21. Rxe4 Be7 22. Qd2 h6 23. Rf4 Ra6 24. Re1 Re8 25. Nh4 Bd8 26. Nf5+ Kh7 27. Rxe8 Qxe8 28. Rh4 h5 29. Qh6+ 1-0


[Site "https://www.chess.com"]

[Event "Titled Tuesday Blitz February 14 Early 2023"]
[White "Pinheiro, Iung Alicio de O."]
[Black "Jimenez Garcia, Emmanuel"]
[WhiteFideId "2104350"]
[BlackFideId "6504779"]
[WhiteElo "2306"]
[BlackElo "2410"]
[Result "1-0"]
[Round "04"]
[TimeControl "180+2"]
[Date "2023.02.15"]
[WhiteClock "0:00:29"]
[BlackClock "0:00:04"]

1. d4 g6 2. e4 Bg7 3. Nc3 c6 4. Bf4 d5 5. Qd2 dxe4 6. O-O-O Nd7 7. Nxe4 Ngf6 8. Ng3 h5 9. h4 Nb6 10. Nf3 Qd5 11. Kb1 Be6 12. b3 Ng4 13. c4 Qd7 14. Ng5 O-O-O 15. f3 Nh6 16. Qa5 Bf5+ 17. N5e4 e5 18. Bg5 f6 19. Bxh6 Rxh6 20. Qxa7 Kc7 21. Qa5 Ra8 22. Qd2 Rhh8 23. dxe5 Qxd2 24. Rxd2 Bxe4+ 25. Nxe4 f5 26. Ng5 Rhe8 27. f4 Nd7 28. Be2 Bf8 29. Bf3 Nc5 30. Rhd1 Kb6 31. g3 Ka5 32. Kb2 Kb4 33. Bg2 Be7 34. Nf3 Ka5 35. Nd4 Na6 36. a3 Kb6 37. b4 Kc7 38. Ne6+ Kb8 39. Rd7 Nxb4 40. axb4 Bxb4 41. Nc7 1-0


[Site "https://www.chess.com"]

[Event "Titled Tuesday Blitz February 14 Early 2023"]
[White "Kalajzic, Ivan"]
[Black "Sovetov, Oleksandr"]
[WhiteFideId "14506378"]
[BlackFideId "34105786"]
[WhiteElo "2062"]
[BlackElo "1976"]
[Result "0-1"]
[Round "04"]
[TimeControl "180+2"]
[Date "2023.02.15"]
[WhiteClock "0:00:03"]
[BlackClock "0:00:21"]

1. b3 a5 2. a3 a4 3. b4 d5 4. Bb2 Nf6 5. e3 Bf5 6. Nf3 e6 7. c4 c6 8. Nc3 dxc4 9. Bxc4 b5 10. Be2 Bd3 11. Ne5 Bxe2 12. Qxe2 Nfd7 13. Ne4 Nxe5 14. Bxe5 Qd5 15. Bxb8 Qxe4 16. Bg3 Qxg2 17. O-O-O Qd5 18. d4 Be7 19. Qc2 O-O 20. e4 Qd7 21. Rhg1 Bf6 22. e5 Bg5+ 23. f4 Bh6 24. Kb1 Qd5 25. Qa2 Rfd8 26. Qxd5 Rxd5 27. Kc2 Kf8 28. Kc3 g6 29. h4 Ke7 30. h5 Rg8 31. hxg6 Rxg6 32. Bh2 Rd8 33. Rxg6 hxg6 34. Kd3 Rh8 35. Ke4 Bg7 36. Bg3 Rh3 37. Rd3 f5+ 38. exf6+ Bxf6 39. Kf3 Rh1 40. Kg4 Rb1 41. Rc3 Kd7 42. Bh4 Rb3 43. Rc2 Bxh4 44. Kxh4 Rxa3 45. Kg5 Rg3+ 46. Kf6 a3 47. Re2 Rf3 48. Kg5 Rb3 49. Ra2 Rxb4 50. Kxg6 Ra4 0-1


[Site "https://www.chess.com"]

[Event "Titled Tuesday Blitz February 14 Early 2023"]
[White "Avalos Parra, Joao"]
[Black "Kulkarni, Vikramaditya"]
[WhiteFideId "3402541"]
[BlackFideId "5009847"]
[WhiteElo "2185"]
[BlackElo "2251"]
[Result "0-1"]
[Round "04"]
[TimeControl "180+2"]
[Date "2023.02.15"]
[WhiteClock "0:00:31"]
[BlackClock "0:00:21"]

1. d4 d6 2. c4 Nf6 3. Nc3 g6 4. e4 Bg7 5. Be2 O-O 6. Be3 c6 7. g4 e5 8. d5 cxd5 9. cxd5 b5 10. a3 a6 11. h4 Nbd7 12. g5 Ne8 13. h5 Nc5 14. f3 f5 15. h6 Bh8 16. Nh3 f4 17. Bxc5 dxc5 18. d6 Ra7 19. Qd5+ Rff7 20. Qxc5 Bxh3 21. Rxh3 Qxg5 22. O-O-O Rad7 23. Rhh1 Qd8 24. a4 Rxd6 25. axb5 Rc7 26. Qb4 axb5 27. Bxb5 Rd4 28. Qb3+ Kf8 29. Kb1 Nd6 30. Be2 Qa8 31. Rxd4 exd4 32. Nd5 Ra7 33. Qb4 Ra1+ 34. Kc2 Qc6+ 35. Kd2 Rxh1 36. Bb5 Rh2+ 37. Ke1 Qc1# 0-1


[Site "https://www.chess.com"]

[Event "Titled Tuesday Blitz February 14 Early 2023"]
[White "Parpiev, Isaak"]
[Black "Todorovic, Bojan"]
[WhiteFideId "34281576"]
[BlackFideId "917087"]
[WhiteElo "2167"]
[BlackElo "2195"]
[Result "1-0"]
[Round "04"]
[TimeControl "180+2"]
[Date "2023.02.15"]
[WhiteClock "0:00:51"]
[BlackClock "0:00:20"]

1. Nf3 Nf6 2. g3 g6 3. Bg2 Bg7 4. O-O O-O 5. d3 c5 6. e4 Nc6 7. Nbd2 d6 8. c3 Rb8 9. d4 cxd4 10. cxd4 Bg4 11. d5 Nd4 12. h3 Bxf3 13. Nxf3 Nxf3+ 14. Bxf3 Nd7 15. Rb1 Qa5 16. a3 Rfc8 17. Bg4 Rc7 18. b4 Qa6 19. Be2 b5 20. h4 Nb6 21. h5 Nc4 22. Qd3 Qb6 23. h6 Bf6 24. Bf4 a6 25. Rfc1 Ne5 26. Qe3 Qxe3 27. Bxe3 Rbc8 28. Rxc7 Rxc7 29. Rc1 Nc4 30. Bxc4 bxc4 31. Kf1 Bb2 32. Rc2 Bxa3 33. Bd2 Kf8 34. Ke2 Ke8 35. Ra2 c3 36. Rxa3 c2 1-0


[Site "https://www.chess.com"]

[Event "Titled Tuesday Blitz February 14 Early 2023"]
[White "Real_taiatai"]
[Black "Bilan, Danila"]
[BlackFideId "24161918"]
[WhiteElo "2349"]
[BlackElo "2303"]
[Result "0-1"]
[Round "04"]
[TimeControl "180+2"]
[Date "2023.02.15"]
[WhiteClock "0:00:56"]
[BlackClock "0:01:51"]

1. d4 d5 2. c4 c6 3. Nf3 Nf6 4. e3 e6 5. Nc3 Nbd7 6. b3 Bb4 7. Bd2 Qe7 8. Bd3 e5 9. dxe5 Nxe5 10. Nxe5 Qxe5 11. Qc2 dxc4 12. Bxc4 Bf5 13. Qc1 Rd8 14. Ne4 Rxd2 15. Nxd2 Ne4 16. Be6 0-1


[Site "https://www.chess.com"]

[Event "Titled Tuesday Blitz February 14 Early 2023"]
[White "Buscar, Michael"]
[Black "Bozorov, Makhsum"]
[WhiteFideId "2603616"]
[BlackFideId "14201330"]
[WhiteElo "2041"]
[BlackElo "2145"]
[Result "0-1"]
[Round "04"]
[TimeControl "180+2"]
[Date "2023.02.15"]
[WhiteClock "0:00:06"]
[BlackClock "0:00:16"]

1. d4 Nf6 2. c4 g6 3. Nc3 d5 4. cxd5 Nxd5 5. e4 Nxc3 6. bxc3 Bg7 7. Bd3 c5 8. Ne2 O-O 9. Be3 cxd4 10. cxd4 Nc6 11. d5 Ne5 12. Bc2 Nc4 13. Bd4 Qa5+ 14. Kf1 e6 15. Bxg7 Nd2+ 16. Kg1 Kxg7 17. Nf4 exd5 18. Nxd5 Be6 19. h4 h5 20. Nc7 Qxc7 21. Qxd2 Rfd8 22. Qe2 Qc3 23. Rd1 Rac8 24. Bb3 Bxb3 25. axb3 Qxb3 26. Kh2 Qe6 27. Rxd8 Rxd8 28. Qb2+ Qf6 29. Qxf6+ Kxf6 30. Rc1 Rb8 31. Kg3 b5 32. Kf4 b4 33. e5+ Ke6 34. Ke4 b3 35. f4 a5 36. Kd3 a4 37. Rc6+ Ke7 38. Rc7+ Kf8 0-1


[Site "https://www.chess.com"]

[Event "Titled Tuesday Blitz February 14 Early 2023"]
[White "Kostiukov, Alexandr"]
[Black "Sekar, B"]
[WhiteFideId "14108100"]
[BlackFideId "5043743"]
[WhiteElo "2271"]
[BlackElo "2333"]
[Result "0-1"]
[Round "04"]
[TimeControl "180+2"]
[Date "2023.02.15"]
[WhiteClock "0:00:06"]
[BlackClock "0:00:21"]

1. g3 d5 2. Bg2 Nf6 3. d3 c5 4. e4 dxe4 5. dxe4 Qxd1+ 6. Kxd1 Nc6 7. f3 g6 8. c3 Bg7 9. Be3 b6 10. Nd2 Ba6 11. Bf1 Bxf1 12. Nxf1 O-O-O+ 13. Ke2 Ne8 14. Nh3 Nd6 15. Nd2 Ne5 16. b3 Nb5 17. Rhc1 Nd3 18. Rc2 Nxc3+ 19. Kf1 Nxe4 20. Rd1 Nb4 21. Rc4 Nc3 22. Re1 Nc2 23. Ne4 Nxe1 24. Kxe1 Nxe4 25. Rxe4 e5 26. g4 h5 27. g5 Rd5 28. Ra4 a5 29. Nf2 Rhd8 30. Ne4 Kb7 31. Rc4 Rd3 32. Ke2 a4 33. b4 Ra3 34. bxc5 Rxa2+ 35. Bd2 b5 36. Rb4 Kc6 37. Ke3 Rd4 38. Rb1 Ra3+ 39. Ke2 Bf8 40. Bc3 Rxe4+ 41. fxe4 Rxc3 42. Kd2 Rxc5 43. Rf1 Bd6 44. Rxf7 b4 45. Rf6 b3 46. Rxg6 b2 0-1


[Site "https://www.chess.com"]